 Dungeon Crawl Stone Soup version 0.27.1-4-g1640c2035a (webtiles) character file.

Game seed: 11120061494161458614

57 zeram the Poker (level 4, -3/33 HPs)
             Began as a Merfolk Gladiator on Nov 11, 2021.
             Slain by a gnoll (8 damage)
             ... on level 2 of the Dungeon.
             The game lasted 00:02:02 (1311 turns).

zeram the Poker (Merfolk Gladiator)                 Turns: 1311, Time: 00:02:03

Health: -3/33      AC:  4    Str: 14    XL:     4   Next: 0%
Magic:  4/4        EV: 13    Int:  8    God:
Gold:   56         SH:  0    Dex: 15    Spells: 3/3 levels left

rFire    . . .     SeeInvis .   a - +0 trident
rCold    . . .     Faith    .   (no shield)
rNeg     . . .     Spirit   .   b - +0 leather armour
rPois    .         Reflect  .   c - +0 helmet
rElec    .         Harm     .   (no cloak)
rCorr    .         Rampage  .   (no gloves)
Will     .....                  (no boots)
Stlth    +.........             (no amulet)
HPRegen  0.11/turn              (no ring)
MPRegen  0.09/turn              (no ring)

@: flying (expiring)
A: (nimble swimmer 2), mertail
a: no special abilities


You were on level 2 of the Dungeon.
You visited 1 branch of the dungeon, and saw 2 of its levels.

You collected 56 gold pieces.

Inventory:

Hand Weapons
 a - a +0 trident (weapon)
Missiles
 d - 3 throwing nets (quivered)
Armour
 b - a +0 leather armour (worn)
 c - a +0 helmet (worn)
Scrolls
 e - 2 scrolls of identify {unknown}
 f - a scroll of silence {unknown}


   Skills:
 - Level 2.1 Fighting
 + Level 6.1 Polearms
 - Level 2.0 Throwing
 + Level 4.9 Dodging


You had 3 spell levels left.
You didn't know any spells.
Your spell library was empty.

Dungeon Overview and Level Annotations

Branches:
Dungeon (2/15)

Altars:


Innate Abilities, Weirdness & Mutations

((You are quick and stealthy near water. (Stealth+, EV+, Speed+++)))
Your lower body shifts to a powerful aquatic tail in water.


Message History

You are frozen.
The gnoll hits you with a +0 whip.
Your Polearms skill increases to level 6!
You completely miss the endoplasm.
The endoplasm hits you but does no damage.
You hit the endoplasm.
The endoplasm is lightly wounded.
The endoplasm misses you.
You hit the endoplasm but do no damage.
The endoplasm is lightly wounded.
The endoplasm freezes you.
You are frozen.
* * * LOW HITPOINT WARNING * * *
Reach: a) +0 trident
Press: ? - help, Dir - move target, f - endoplasm
Aim: an endoplasm (lightly wounded, about 14% to evade your +0 trident)
You completely miss the endoplasm.
The endoplasm is lightly wounded.
The endoplasm hits you.
* * * LOW HITPOINT WARNING * * *
It was a potion of flight.
You feel very buoyant.
You fly up into the air.
The endoplasm hits you.
* * * LOW HITPOINT WARNING * * *
The endoplasm hits you.
* * * LOW HITPOINT WARNING * * *
There is an open door here.
There is an escape hatch in the floor here.
You hit the endoplasm.
The endoplasm is severely wounded.
The endoplasm hits you.
* * * LOW HITPOINT WARNING * * *
You hit the endoplasm.
You kill the endoplasm!
You have reached level 4!
You are starting to lose your buoyancy.
There is an open door here.
You hit the gnoll.
The gnoll is moderately wounded.
The gnoll hits you with a +0 whip!
You die...

#.# #.# #.# #g# ##### #.#
#...# #########.# #...#
#(..g.....# #...#
#.###########...###
#.#.........g@..'.#
#.##.########...#.# #.##.#
#...#.# #.##.# #(..#.#
#g##.##### #####.# #.##..>..#
#.# ###'######.########.#
#.....g....##.....#.#########
#.............###...[....<..#


You could see a gnoll.

Vanquished Creatures
  2 gnolls (D:2)
  A ball python (D:1)
  5 endoplasms
  2 giant cockroaches (D:1)
  8 goblins
  7 hobgoblins
  2 frilled lizards
  2 kobolds (D:1)
  6 rats
35 creatures vanquished.

Notes
Turn   | Place    | Note
-------+----------+-------------------------------------------
     0 | D:1      | zeram the Merfolk Gladiator began the quest for the Orb.
     0 | D:1      | Reached XP level 1. HP: 16/16 MP: 1/1
    79 | D:1      | Reached XP level 2. HP: 21/22 MP: 2/2
    93 | D:1      | Reached skill level 5 in Polearms
   924 | D:2      | Reached XP level 3. HP: 27/27 MP: 3/3
  1252 | D:2      | Reached skill level 6 in Polearms
  1258 | D:2      | HP: 1/27 [endoplasm (3)]
  1269 | D:2      | HP: 1/27 [endoplasm (1)]
  1298 | D:2      | Reached XP level 4. HP: 3/33 MP: 4/4
  1311 | D:2      | Slain by a gnoll

Illustrated notes

Levels and vault maps discovered:
D:1:      dpeg_arrival_ternary, layout_basic
D:2:      cheibrodos_greedy_goblins, layout_basic, minmay_close_crescents

Skill      XL: |  1  2  3 |
---------------+----------+-----
Polearms       | 5 6 |  6.1
Fighting       | |  2.1
Throwing       | |  2.0
Dodging        | |  4.9

Action                   |  1- 3 |  4- 6 || total
-------------------------+-------+-------++-------
Melee: Trident           |   119 |     1 ||   120
  Use: Potion            |     2 |       ||     2
 Stab: Sleeping          |     2 |       ||     2
Armor: Leather armour    |    13 |       ||    13
Dodge: Dodged            |    58 |       ||    58
